 Dungeon Crawl Stone Soup version 0.31.0-11-ge490571c62 (webtiles) character file.

Game seed: 5080964675925681169

109 qw the Skirmisher (level 4, -5/25 HPs)
             Began as a Deep Elf Hunter on Feb 5, 2024.
             Slain by Sigmund
             ... wielding a +0 scythe
              (10 damage)
             ... on level 3 of the Dungeon.
             The game lasted 00:00:26 (1730 turns).

qw the Skirmisher (Deep Elf Hunter)                 Turns: 1730, Time: 00:00:27

Health: -5/25      AC:  5    Str: 10    XL:     4   Next: 59%
Magic:  6/6        EV: 11    Int: 14    God:
Gold:   163        SH:  0    Dex: 18    Spells: 3/3 levels left

rFire   . . .        a - +0 shortbow (chaos)
rCold   . . .        (shield currently unavailable)
rNeg    . . .        c - +0 ring mail
rPois   .            (no helmet)
rElec   .            (no cloak)
rCorr   .            (no gloves)
SInv    .            (no boots)
Will    .....        (no amulet)
Stlth   +            (no ring)
HPRegen 0.24/turn    (no ring)
MPRegen 0.10/turn

%: no passive effects
@: no status effects
A: no striking features
a: no special abilities


You were on level 3 of the Dungeon.
You visited 1 branch of the dungeon, and saw 3 of its levels.

You collected 163 gold pieces.


   Skills:
 - Level 1.5 Fighting
 + Level 8.0 Ranged Weapons
 - Level 2.4 Dodging
 - Level 1.2 Stealth


You had 3 spell levels left.
You didn't know any spells.
Your spell library was empty.

Inventory:

Hand Weapons
 a - a +0 shortbow of chaos (weapon)
Armour
 c - a +0 ring mail (worn)
Wands
 h - a wand of flame (18)
Scrolls
 e - 2 scrolls of identify {unknown}
Potions
 b - 2 potions of lignification {unknown}
 d - 2 potions of curing {unknown}
 f - 2 potions of might {unknown}
 g - a potion of invisibility {unknown}

Dungeon Overview and Level Annotations

Branches:
Dungeon (3/15)

Altars:
Sif Muna

Shops:
D:3 =

Annotations:
D:3 Sigmund


Message History

Press: ? - help, Q - select action, (/) - cycle Shift-Dir - straight line, f/p - Sigmund The puff of flame hits Sigmund.
Sigmund is heavily wounded.
Sigmund misses you. The adder barely misses you.
You shoot an arrow. The arrow hits the adder.
The adder is poisoned.
The adder is severely wounded.
The adder barely misses you.
Sigmund hits you from afar with a +0 scythe!
You shoot an arrow. The arrow hits the adder.
You kill the adder!
Your Ranged Weapons skill increases to level 8!
1723 ||| ZAPPING wand of flame (21) at 0,-2 (Sigmund; floor).
Aiming: Throw Flame
Press: ? - help, Q - select action, (/) - cycle Shift-Dir - straight line, f - Sigmund The puff of flame misses Sigmund.
Sigmund hits you from afar with a +0 scythe.
1724 ||| ZAPPING wand of flame (20) at 0,-2 (Sigmund; floor).
Aiming: Throw Flame
Press: ? - help, Q - select action, (/) - cycle Shift-Dir - straight line, f/p - Sigmund The puff of flame misses Sigmund.
Sigmund gestures at you while chanting. The puff of flame hits you.
1725 ||| ZAPPING wand of flame (19) at 0,-2 (Sigmund; floor).
Aiming: Throw Flame
Press: ? - help, Q - select action, (/) - cycle Shift-Dir - straight line, f/p - Sigmund The puff of flame hits Sigmund!
Sigmund is severely wounded.
Sigmund mumbles some strange words.
Sigmund flickers and vanishes!
Deactivating autopickup; reactivate with Ctrl-A.
You shoot an arrow. Something hits you.
You shoot an arrow. Something hits you!
You shoot an arrow. You shoot an arrow. Something hits you but does no damage.
You shoot an arrow. Something hits you!
You die...

.)..........#
###.........# .. .#
###.........#####. ...
...#.#########.... ...
.................. ..#
...##..#######...# #.#
... ##.# #..{# #.# ###
#.## #.?.###.#
#..######..@#...#
##.....##.....#.#######
#.....#####.##.......#
##.....####.##.#####.#
#....%.....########.#
#.........>.........#
#.....%......########
#............#
#.....%......#


There were no monsters in sight!

Vanquished Creatures
  Ijyb (D:3)
  5 adders
  4 dart slugs
  6 ball pythons
  3 endoplasms (D:3)
  A giant cockroach (D:1)
  2 goblins
  A hobgoblin (D:2)
  2 quokkas (D:2)
  3 bats
  2 frilled lizards (D:2)
  A kobold (D:2)
  5 rats
36 creatures vanquished.

Notes
Turn   | Place    | Note
-------+----------+-------------------------------------------
     0 | D:1      | qw the Deep Elf Hunter began the quest for the Orb.
     0 | D:1      | Reached XP level 1. HP: 12/12 MP: 3/3
     0 | D:1      | 0 ||| qw: Version: 0.3-a-160-g6735b56
     0 | D:1      | 0 ||| qw: Game counter: 6375
     0 | D:1      | 0 ||| qw: Melee chars always use a shield: true
     0 | D:1      | 0 ||| qw: God list: Okawaru
     0 | D:1      | 0 ||| qw: Allow faded altars: false
     0 | D:1      | 0 ||| qw: Do Orc after clearing Dungeon:15 true
     0 | D:1      | 0 ||| qw: Do second Lair branch before Depths: true
     0 | D:1      | 0 ||| qw: Lair rune preference: random
     0 | D:1      | 0 ||| qw: Goals: Normal
     0 | D:1      | 0 ||| PLANNING D:1-11
   646 | D:1      | 646 ||| UPGRADING to +0 scale mail.
   656 | D:1      | 656 ||| DROPPING +0 leather armour.
   657 | D:1      | 657 ||| DROPPING scroll of butterflies.
   715 | D:2      | Reached skill level 6 in Ranged Weapons
   715 | D:2      | Reached XP level 2. HP: 16/16 MP: 4/4
   898 | D:2      | Reached XP level 3. HP: 20/20 MP: 5/5
   907 | D:2      | Found a shimmering blue altar of Sif Muna.
  1270 | D:2      | 1270 ||| UPGRADING to +0 ring mail.
  1280 | D:2      | 1280 ||| DROPPING +0 scale mail.
  1281 | D:2      | 1281 ||| READING scroll labelled GUGGUWK JINN.
  1281 | D:2      | 1281 ||| BRANDING +0 shortbow.
  1365 | D:3      | Reached skill level 7 in Ranged Weapons
  1456 | D:3      | Found Iwumuatz's Jewellery Shop.
  1466 | D:3      | 1466 ||| SHOPLISTING +4 ring of protection (396 gold, have
                  | 114).
  1466 | D:3      | 1466 ||| SHOPLISTING +5 ring of evasion (396 gold, have
                  | 114).
  1466 | D:3      | 1466 ||| SHOPLISTING amulet of reflection (330 gold, have
                  | 114).
  1466 | D:3      | 1466 ||| SHOPLISTING ring of fire (275 gold, have 114).
  1466 | D:3      | 1466 ||| SHOPLISTING ring of ice (275 gold, have 114).
  1466 | D:3      | 1466 ||| SHOPLISTING ring of resist corrosion (220 gold,
                  | have 114).
  1466 | D:3      | 1466 ||| SHOPLISTING ring of see invisible (165 gold, have
                  | 114).
  1466 | D:3      | 1466 ||| SHOPLISTING ring of willpower (275 gold, have
                  | 114).
  1523 | D:3      | Noticed Ijyb
  1529 | D:3      | Killed Ijyb
  1530 | D:3      | Reached XP level 4. HP: 9/25 MP: 6/6
  1715 | D:3      | Noticed Sigmund
  1717 | D:3      | 1717 ||| ZAPPING wand of flame (25) at 0,-3 (Sigmund;
                  | floor).
  1718 | D:3      | 1718 ||| ZAPPING wand of flame (24) at 0,-2 (Sigmund;
                  | floor).
  1719 | D:3      | 1719 ||| ZAPPING wand of flame (23) at 0,-2 (Sigmund;
                  | floor).
  1720 | D:3      | 1720 ||| ZAPPING wand of flame (22) at 0,-2 (Sigmund;
                  | floor).
  1723 | D:3      | Reached skill level 8 in Ranged Weapons
  1723 | D:3      | 1723 ||| ZAPPING wand of flame (21) at 0,-2 (Sigmund;
                  | floor).
  1724 | D:3      | 1724 ||| ZAPPING wand of flame (20) at 0,-2 (Sigmund;
                  | floor).
  1725 | D:3      | 1725 ||| ZAPPING wand of flame (19) at 0,-2 (Sigmund;
                  | floor).
  1727 | D:3      | HP: 4/25 [something (10)]
  1730 | D:3      | Slain by Sigmund

Levels and vault maps discovered:
D:1:      psy_arrival_conway, layout_loops_ring
D:2:      layout_loops_ring, basic_altar, minmay_misc_feat_x
D:3:      layout_basic, serial_shops, nicolae_shop_just_a_little_nook,
          uniq_sigmund, uniq_ijyb

Skill      XL: |  1  2  3  4 |
---------------+-------------+-----
Ranged Weapons | 6 7 8 |  8.0
Fighting       | |  1.5
Dodging        | |  2.4
Stealth        | |  1.2

Action                     |  1- 3 |  4- 6 || total
---------------------------+-------+-------++-------
   Fire: Shortbow          |    74 |    20 ||    94
  Evoke: Wand              |       |     7 ||     7
    Use: Scroll            |     1 |       ||     1
 Armour: Leather armour    |     6 |       ||     6
         Scale mail        |    11 |       ||    11
         Ring mail         |     4 |     7 ||    11
  Dodge: Dodged            |    13 |     5 ||    18

Table legend:
 A = Non-vault XP
 B = Vault XP
 C = Vault XP percentage of total XP
 D = Non-vault monster count
 E = Vault monster count
 F = Vault count percentage of total count
                 A         B        C        D         E       F
            +---------+---------+-------+---------+---------+-------
      Total |     120 |      36 |  23.1 |      35 |       1 |   2.8
            +---------+---------+-------+---------+---------+-------
        D:1 |       9 |       0 |   0.0 |       6 |       0 |   0.0
        D:2 |      51 |       0 |   0.0 |      16 |       0 |   0.0
        D:3 |      60 |      36 |  37.5 |      13 |       1 |   7.1
            +---------+---------+-------+---------+---------+-------
